 Dungeon Crawl Stone Soup version 0.31.0-32-g396128a36d (webtiles) character file.

Game seed: 13537590883242941590

116335 concernfroge the Warrior (level 16, -3/226 HPs)
             Began as a Minotaur Berserker on Apr 14, 2024.
             Was a High Priest of Trog.
             Slain by a spectral spark wasp (10 damage)
             ... on level 2 of the Spider Nest.
             The game lasted 01:40:00 (26281 turns).

concernfroge the Warrior (Minotaur Berserker)      Turns: 26281, Time: 01:40:01

Health: -3/226     AC: 20    Str: 36    XL:     16   Next: 20%
Magic:  15/15      EV: 15    Int:  4    God:    Trog [*****.]
Gold:   188        SH: 16    Dex: 13    Spells: 15/15 levels left

rFire   + . .        O - +2 demon whip (flame)
rCold   . . .        W - +3 kite shield of Youthful Indiscretion {rF+}
rNeg    + . .        U - +0 storm dragon scales
rPois   .            (helmet restricted)
rElec   +            L - +0 cloak
rCorr   +            l - +0 pair of gloves
SInv    +            (no boots)
Will    +++++        j - amulet of the Four Winds {rN+ Will+++ Clar} Stlth
                     F - ring "Piwugaib" {rElec Will+ rCorr Int-4 SInv}
HPRegen 1.57/turn    V - ring "Peogh" {Str+6 Int+4 Dex+3 Slay+2}
MPRegen 0.14/turn

%: clarity
@: berserking (expiring), strong-willed (expiring), regenerating (expiring),
studying Shapeshifting, very quick
A: horns 2, retaliatory headbutt
a: Renounce Religion, Berserk, Trog's Hand, Brothers in Arms


You were on level 2 of the Spider Nest.
You worshipped Trog.
Trog was extremely pleased with you.
You visited 5 branches of the dungeon, and saw 22 of its levels.
You visited 1 bazaar.
You also visited: Gauntlet.

You collected 2097 gold pieces.
You spent 1909 gold pieces at shops.

Inventory:

Hand Weapons
 a - a +1 glaive of flaming
 b - a +1 vampiric scythe
 O - a +2 demon whip of flaming (weapon)
 S - a +8 antimagic glaive
Missiles
 p - 2 throwing nets (quivered)
 u - 13 javelins
 Q - a curare-tipped dart
 R - 2 datura-tipped darts
Armour
 l - a +0 pair of gloves (worn)
 L - a +0 cloak (worn)
 U - +0 storm dragon scales (worn)
 W - the +3 kite shield of Youthful Indiscretion (worn) {rF+}
   (You found it in a Gauntlet)

   rF+:       It protects you from fire.
Jewellery
 j - the amulet of the Four Winds (around neck) {rN+ Will+++ Clar}
   (You found it in a Gauntlet)

   [amulet of nothing]

   rN+:       It protects you from negative energy.
   Will+++:   It greatly increases your willpower.
   Clar:      It protects you from confusion, rage, mesmerisation and fear.
 q - an amulet of reflection
 z - a ring of protection from fire
 F - the ring "Piwugaib" (left hand) {rElec Will+ rCorr Int-4 SInv}
   (You took it off a minotaur in a Gauntlet)

   [ring of willpower]

   Int-4:     It affects your intelligence (-4).
   rElec:     It insulates you from electricity.
   Will+:     It increases your willpower.
   SInv:      It lets you see invisible.
   rCorr:     It protects you from acid and corrosion.
 I - the ring of Xoylem {rPois rN+ Dex+3}
   (You bought it in a shop in a bazaar)

   [ring of poison resistance]

   Dex+3:     It affects your dexterity (+3).
   rPois:     It protects you from poison rN+: It protects you from negative
   energy.
 K - a ring of protection from cold
 V - the ring "Peogh" (right hand) {Str+6 Int+4 Dex+3 Slay+2}
   (You found it in a Gauntlet)

   [ring of strength]

   Str+6:     It affects your strength (+6).
   Int+4:     It affects your intelligence (+4).
   Dex+3:     It affects your dexterity (+3).
   Slay+2:    It affects your accuracy & damage with ranged weapons and melee
   (+2).
Wands
 c - a wand of mindburst (31)
 w - a wand of polymorph (6)
 y - a wand of flame (56)
 D - a wand of paralysis (30)
 H - a wand of light (16)
 J - a wand of roots (5)
Scrolls
 d - 6 scrolls of fear
 f - 7 scrolls of blinking
 h - 3 scrolls of vulnerability
 i - 2 scrolls of silence
 m - a scroll of noise
 n - a scroll of torment
 o - 6 scrolls of teleportation
 s - 5 scrolls of poison
 v - 7 scrolls of enchant armour
 A - 3 scrolls of immolation
 C - 4 scrolls of fog
 E - a scroll of brand weapon
 G - 4 scrolls of revelation
Potions
 e - 3 potions of mutation
 g - 11 potions of curing
 k - 6 potions of heal wounds
 r - a potion of berserk rage
 t - 2 potions of haste
 x - 5 potions of might
 B - 4 potions of magic
 M - 2 potions of lignification
 P - a potion of resistance


   Skills:
 - Level 16.0 Fighting
 - Level 12.0 Maces & Flails
 - Level 14.0 Polearms
 - Level 16.0 Armour
 - Level 14.0 Dodging
 + Level 15.2 Shields


You had 15 spell levels left.
You didn't know any spells.
Your spell library was empty.

Dungeon Overview and Level Annotations

Branches:
Dungeon (11/15)            Temple (1/1) D:4            Lair (5/5) D:11
 Shoals (3/4) Lair:2       Spider (2/4) Lair:3        Slime (0/5) Lair:4
    Orc (0/2) D:10        Gauntlet (visited)

Altars:
Ashenzari
Cheibriados
Dithmenos
Elyvilon
Fedhas
Gozag
Hepliaklqana
Kikubaaqudgha
Makhleb
Nemelex Xobeh
Okawaru
Qazlal
Ru
Sif Muna
Trog
Uskayaw
Vehumet
Wu Jian
Xom
Yredelemnul
Zin
The Shining One
Lugonu

Shops:
D:7 ?   Shoals:1 *=

Annotations:
D:6 2 transporters
D:9 exclusion: orange crystal statue
Spider:1 2 transporters, AlmostFaded's ghost, journeyman TrDe; Arachne


Innate Abilities, Weirdness & Mutations

You have a pair of horns on your head.
You reflexively headbutt those who attack you in melee.


Message History

The spectral spark wasp closely misses you.
You furiously retaliate!
You headbutt the spectral spark wasp! The ghost moth simulacrum hits you!
* * * LOW HITPOINT WARNING * * *
The ghost moth simulacrum freezes you!!
* * * LOW HITPOINT WARNING * * *
The ghost moth simulacrum hits you but does no damage.
The ghost moth simulacrum hits you.
* * * LOW HITPOINT WARNING * * *
The ghost moth simulacrum freezes you!!
* * * LOW HITPOINT WARNING * * *
You are too berserk!
You are too berserk!
You barely miss the ghost moth simulacrum.
You headbutt the ghost moth simulacrum!
The ghost moth simulacrum is almost destroyed.
The spectral broodmother is engulfed in freezing vapours.
You block the spectral broodmother's attack.
You whack the ghost moth simulacrum!
You melt the ghost moth simulacrum.
The ghost moth simulacrum vaporises!
Trog accepts your kill.
The spectral spark wasp is engulfed in freezing vapours.
You block the spectral spark wasp's attack.
You thrash the spectral broodmother!! You burn the spectral broodmother!
You headbutt the spectral broodmother!
The spectral broodmother is severely damaged.
You thrash the spectral broodmother!! You burn the spectral broodmother!
You destroy the spectral broodmother!
Trog accepts your kill.
You block the spectral spark wasp's attack.
You thrash the spectral spark wasp!! You burn the spectral spark wasp!
The spectral spark wasp is severely damaged.
The spectral ghost moth is engulfed in freezing vapours.
The spectral ghost moth hits you but does no damage. x2
The spectral ghost moth misses you.
You thrash the spectral spark wasp!! You burn the spectral spark wasp.
The spectral spark wasp is almost destroyed.
You feel the effects of Trog's Hand fading.
The spectral spark wasp hits you!
You die...

......###.####### ### #..## #.###
##.##....##########.# #...###.#.#
#.####...#.[#.#$.#.###..#......#
##.###....##.!!=.##.##..####....^
#..#....:##.......#....## ##....
#....##...##.....##.##.######....
#..#####..#....Z..#..#.##........
.### ##.###''Z####.....#####...
.## ##...^....@...#..### #..# #.#
###.#......Z...^#..## ####...
#.###..##............#..###.....#
#.#..###...........####..#####.#.
....####...........###........###
##.## #............##.....#...#
#..###...........##..........#
##...###..........##..........###
#.###.###........##.............#


You could see a spectral ghost moth, a spectral spark wasp and a spectral
broodmother.

Vanquished Creatures
  The ghost of Ceiptogg the Impaler, an adept HOMo of Beogh (Spider:2)
  Frances (Shoals:1)
  A ghost moth (Spider:2)
  2 broodmothers
  A spark wasp (Spider:2)
  A minotaur (Gauntlet)
  3 merfolk impalers
  A merfolk javelineer (Shoals:2)
  An entropy weaver (Spider:1)
  A great orb of eyes (Gauntlet)
  3 hydras
  A jorogumo (Spider:2)
  3 radroaches
  A boulder beetle (Spider:1)
  A tengu warrior (Gauntlet)
  2 two-headed ogres
  A satyr (Shoals:3)
  2 merfolk avatars
  7 demonic crawlers
  12 death yaks
  Urug (Lair:1)
  Amaemon (D:9)
  12 spriggans (Lair:5)
  4 skysharks
  A pharaoh ant (Spider:2)
  5 sea snakes
  6 orb spiders
  A spectral broodmother (Spider:2)
  5 harpies
  A lindwurm (Lair:2)
  4 steelbarb worms
  8 wolf spiders
  5 fauns (Shoals:1)
  7 manticores
  4 cyclopes
  An ugly thing (Gauntlet)
  5 elephants
  4 moths of wrath
  3 merfolk sirens
  Joseph (D:7)
  4 black mambas
  3 water nymphs (Shoals:2)
  Maggie (D:7)
  4 torpor snails
  An orange demon (D:9)
  A gargoyle (D:10)
  2 emperor scorpion simulacra (Spider:2)
  7 cane toads
  3 rime drakes
  2 unseen horrors
  8 komodo dragons
  A kobold demonologist (D:11)
  A tengu conjurer (Gauntlet)
  A queen bee (Gauntlet)
  A ghost moth simulacrum (Spider:2)
  10 polar bears
  A wind drake (Shoals:2)
  16 merfolk
  6 hornets
  A broodmother simulacrum (Spider:2)
  8 tarantellas
  Prince Ribbit (D:5)
  12 blink frogs
  6 snapping turtles
  5 dream sheep
  14 jumping spiders
  10 culicivoras
  Sigmund (D:3)
  2 shadows
  A vampire (D:11)
  43 yaks
  3 water elementals
  Eustachio (D:5)
  2 wraiths
  4 basilisks
  2 steam dragons
  3 wyverns
  15 redbacks
  Edmund (D:5)
  An acid dragon (D:9)
  18 water moccasins
  2 sky beasts
  3 black bears
  An ice beast (D:5)
  4 orc warriors
  A radroach simulacrum (Spider:2)
  5 boggarts (Lair:5)
  28 wolves
  An ogre (D:4)
  6 centaurs
  Blork the orc (D:5)
  A gnoll sergeant (D:8)
  3 kobold brigands
  17 bullfrogs
  2 scorpions
  4 wights (D:6)
  A water moccasin skeleton (D:3)
  10 killer bees
  3 howler monkeys
  3 bombardier beetles
  3 hounds
  Crazy Yiuf (D:6)
  A gnoll bouda (D:5)
  13 jellies
  12 orc priests
  6 iguanas
  15 orc wizards
  A scorpion zombie (D:3)
  2 sleepcaps (D:6)
  7 hell rats (Lair:3)
  A hound skeleton (D:3)
  12 gnolls
  8 adders
  19 river rats (Lair:3)
  A shadow imp (D:6)
  A white imp (D:6)
  2 ufetubi (D:5)
  An adder skeleton (D:3)
  An adder zombie (D:3)
  3 dart slugs
  59 orcs
  2 ball pythons (D:1)
  4 bats
  9 endoplasms
  3 giant cockroaches
  8 goblins
  8 hobgoblins
  4 jackals (D:1)
  12 quokkas
  5 frilled lizards
  A jackal skeleton (D:3)
  26 kobolds
  16 rats
715 creatures vanquished.

Vanquished Creatures (collateral kills)
  Rupert (Lair:4)
  A merfolk avatar (Shoals:2)
  An alligator snapping turtle (Shoals:3)
  5 harpies (Shoals:3)
  3 fauns (Shoals:3)
  A manticore (Shoals:3)
  A komodo dragon (Lair:4)
  A merfolk (Shoals:3)
  A jorogumo simulacrum (Spider:2)
  3 dream sheep (Shoals:3)
  A water elemental (Shoals:3)
  A radroach simulacrum (Spider:2)
20 creatures vanquished.

Vanquished Creatures (others)
  7 tentacles (Shoals:2)
7 creatures vanquished.

Grand Total: 742 creatures vanquished

Notes
Turn   | Place    | Note
-------+----------+-------------------------------------------
     0 | D:1      | concernfroge the Minotaur Berserker began the quest for the
                  | Orb.
     0 | D:1      | Reached XP level 1. HP: 19/19 MP: 0/0
   152 | D:1      | Reached XP level 2. HP: 28/28 MP: 1/1
   383 | D:1      | Reached skill level 5 in Fighting
   455 | D:1      | Reached ** piety under Trog
   616 | D:1      | Reached XP level 3. HP: 36/36 MP: 2/2
  1424 | D:3      | Reached XP level 4. HP: 43/44 MP: 3/3
  1634 | D:3      | Reached XP level 5. HP: 51/51 MP: 4/4
  1904 | D:3      | Found Cirorch's Magic Scroll Shoppe.
  1913 | D:3      | Bought a scroll of identify for 24 gold pieces
  1913 | D:3      | Bought a scroll of teleportation for 36 gold pieces
  1913 | D:3      | Bought a scroll of identify for 24 gold pieces
  1943 | D:3      | Noticed Sigmund
  2022 | D:4      | Reached *** piety under Trog
  2120 | D:4      | Found a snail-covered altar of Cheibriados.
  2139 | D:4      | Reached XP level 6. HP: 45/61 MP: 5/5
  2253 | D:4      | Found a staircase to the Ecumenical Temple.
  2260 | Temple   | Entered the Ecumenical Temple
  2787 | D:5      | Entered Level 5 of the Dungeon
  2928 | D:5      | Found a hazy altar of Hepliaklqana.
  2936 | D:5      | Noticed Prince Ribbit
  2944 | D:5      | Killed Prince Ribbit
  2945 | D:5      | Reached skill level 10 in Fighting
  2945 | D:5      | Reached XP level 7. HP: 72/72 MP: 6/6
  2961 | D:5      | Noticed Eustachio
  3002 | D:5      | Killed Eustachio
  3003 | D:5      | Reached skill level 5 in Armour
  3108 | D:5      | Found a glowing golden altar of the Shining One.
  3137 | D:5      | Found an opulent altar of Gozag.
  3138 | D:5      | Noticed Edmund
  3158 | D:5      | Killed Edmund
  3159 | D:5      | Reached XP level 8. HP: 79/79 MP: 7/7
  3307 | D:5      | Noticed Blork the orc
  3313 | D:5      | Killed Blork the orc
  3516 | D:5      | Found a sacrificial altar of Ru.
  4015 | D:5      | Found a white marble altar of Elyvilon.
  4058 | D:6      | Found a shimmering blue altar of Sif Muna.
  4111 | D:6      | Reached skill level 10 in Armour
  4111 | D:6      | Reached skill level 1 in Maces & Flails
  4402 | D:6      | Found a shimmering altar of Xom.
  4510 | D:6      | Found a runed translucent door.
  4511 | D:6      | Noticed Crazy Yiuf
  4557 | D:6      | Reached **** piety under Trog
  4573 | D:6      | Reached XP level 9. HP: 83/85 MP: 8/8
  4649 | D:6      | Found a transporter.
  4669 | D:6      | Found a transporter.
  4806 | D:6      | Reached skill level 5 in Maces & Flails
  5568 | D:7      | Noticed Maggie
  5578 | D:7      | Killed Maggie
  5579 | D:7      | Reached skill level 5 in Polearms
  5579 | D:7      | Noticed Joseph
  5606 | D:7      | Killed Joseph
  5607 | D:7      | Reached XP level 10. HP: 37/93 MP: 9/9
  5771 | D:7      | You fall into a shaft and drop 3 floors!
  5771 | D:10     | Entered Level 10 of the Dungeon
  5829 | D:10     | Noticed a gargoyle
  5833 | D:10     | Noticed a two-headed ogre
  5836 | D:10     | Killed a two-headed ogre
  6108 | D:10     | Found a staircase to the Orcish Mines.
  6150 | D:10     | Reached ***** piety under Trog
  6245 | D:10     | Found a sparkling altar of Nemelex Xobeh.
  6299 | D:10     | Reached skill level 10 in Polearms
  6405 | D:10     | Noticed a cyclops
  6409 | D:10     | Killed a cyclops
  6439 | D:10     | Killed a gargoyle
  6886 | D:9      | Paralysed by a hornet for 3 turns
  7523 | D:9      | Identified the +0 ring mail "Zethryto" {rC+}
  7532 | D:9      | Found a runed translucent door.
  7541 | D:9      | Found a runed translucent door.
  7655 | D:9      | Found a runed translucent door.
  7658 | D:9      | Noticed Amaemon
  7658 | D:9      | Noticed an orange demon
  7670 | D:9      | Reached XP level 11. HP: 96/97 MP: 10/10
  7715 | D:9      | Found a runed translucent door.
  8030 | D:9      | Noticed an orange crystal statue
  8244 | D:9      | Killed Amaemon
  8436 | D:8      | Paralysed by a centaur for 5 turns
  9132 | D:8      | Found a blossoming altar of Fedhas.
  9132 | D:8      | Found a hide-covered altar of Uskayaw.
  9418 | D:3      | Killed Sigmund
  9507 | D:3      | Found an ancient bone altar of Kikubaaqudgha.
  9631 | D:3      | Received a gift from Trog
  9867 | D:6      | Killed Crazy Yiuf
 10046 | D:7      | Found a stormy altar of Qazlal.
 10182 | D:7      | Found Wagur's Magic Scroll Shop.
 10217 | D:7      | Bought a scroll of identify for 32 gold pieces
 10448 | D:11     | Noticed a two-headed ogre
 10462 | D:11     | Killed a two-headed ogre
 10677 | D:11     | Found a staircase to the Lair.
 11313 | Lair:1   | Entered Level 1 of the Lair of Beasts
 11353 | Lair:1   | Noticed Urug
 11366 | Lair:1   | Killed Urug
 11367 | Lair:1   | Reached XP level 12. HP: 117/117 MP: 11/11
 11463 | Lair:1   | Identified the +1 dagger "Zast" {flame, Dex+3}
 11484 | Lair:1   | Noticed a death yak
 11485 | Lair:1   | Noticed a death yak
 11492 | Lair:1   | Killed a death yak
 11503 | Lair:1   | Killed a death yak
 12508 | Lair:2   | Found a gate leading to a gauntlet.
 12518 | Gauntlet | Entered a Gauntlet
 12518 | Gauntlet | Found a transporter.
 12549 | Gauntlet | Found a transporter.
 12550 | Gauntlet | Found a transporter.
 12561 | Gauntlet | Found a transporter.
 12564 | Gauntlet | Found a transporter.
 12572 | Gauntlet | Found a transporter.
 12587 | Gauntlet | Found a runed translucent door.
 12588 | Gauntlet | Found a transporter.
 12599 | Gauntlet | Found a transporter.
 12608 | Gauntlet | Noticed a great orb of eyes
 12611 | Gauntlet | Found a transporter.
 12625 | Gauntlet | Found a transporter.
 12625 | Gauntlet | Found a transporter.
 12634 | Gauntlet | Found a runed translucent door.
 12639 | Gauntlet | Found a transporter.
 12650 | Gauntlet | Found a transporter.
 12650 | Gauntlet | Found a transporter.
 12724 | Gauntlet | Noticed a tengu warrior
 12737 | Gauntlet | Found the amulet of the Four Winds {rN+ Will+++ Clar}
 12878 | Gauntlet | Killed a tengu warrior
 12935 | Gauntlet | Killed a great orb of eyes
 12962 | Gauntlet | Found the +2 hat of the Bear Spirit {Spirit, Bear, *Rage
                  | Will++}
 12962 | Gauntlet | Identified the ring "Piwugaib" {rElec Will+ rCorr Int-4
                  | SInv}
 12962 | Gauntlet | Noticed a minotaur
 12983 | Gauntlet | Killed a minotaur
 13096 | Gauntlet | Identified the ring "Peogh" {Str+6 Int+4 Dex+3 Slay+2}
 13103 | Gauntlet | Identified the +3 kite shield of Youthful Indiscretion
                  | {rF+}
 13174 | Lair:2   | Reached skill level 5 in Dodging
 13251 | Lair:2   | Reached skill level 1 in Shields
 13758 | Lair:2   | Reached skill level 10 in Maces & Flails
 14057 | Lair:2   | Found a staircase to the Shoals.
 14314 | Lair:3   | Reached XP level 13. HP: 124/124 MP: 12/12
 14538 | Lair:3   | Reached skill level 5 in Shields
 15121 | Lair:3   | Found a hole to the Spider Nest.
 15492 | Lair:4   | Noticed Rupert
 15497 | Lair:4   | Killed Rupert
 15788 | Lair:4   | Found a staircase to the Slime Pits.
 15823 | Lair:4   | Received a gift from Trog
 15871 | Lair:4   | Reached skill level 10 in Shields
 16505 | Lair:5   | Entered Level 5 of the Lair of Beasts
 16678 | Lair:5   | Reached XP level 14. HP: 81/132 MP: 13/13
 17471 | Lair:5   | Paralysed by a hornet for 3 turns
 17506 | Lair:5   | Reached ****** piety under Trog
 17698 | Lair:5   | Received a gift from Trog
 18268 | D:7      | Bought a scroll of acquirement for 832 gold pieces
 18278 | D:7      | Acquired 673 gold pieces
 18384 | D:3      | Bought 2 scrolls of brand weapon for 228 gold pieces
 18384 | D:3      | Bought a scroll of poison for 48 gold pieces
 18384 | D:3      | Bought a scroll of fog for 48 gold pieces
 18384 | D:3      | Bought a scroll of poison for 48 gold pieces
 18384 | D:3      | Bought a scroll of immolation for 48 gold pieces
 18603 | Shoals:1 | Entered Level 1 of the Shoals
 18608 | Shoals:1 | Reached skill level 15 in Fighting
 18758 | Shoals:1 | Found Winukh's Jewellery Shop.
 18792 | Shoals:1 | Noticed Frances
 18813 | Shoals:1 | Killed Frances
 19758 | Shoals:1 | Found Liwkeg's Mayhem Merchandise.
 20542 | Shoals:3 | Reached XP level 15. HP: 103/144 MP: 14/14
 20559 | Shoals:3 | Reached skill level 10 in Dodging
 20562 | Shoals:3 | Found a flickering gateway to a bazaar.
 20565 | Shoals:3 | Identified the +5 falchion "Japsaq" {freeze, rElec rF+++
                  | rN++ Will-}
 20581 | Bazaar   | Entered a bazaar
 20581 | Bazaar   | Found Bebloutt's Magic Scroll Boutique.
 20797 | Bazaar   | Found Kyatus's Jewellery Shoppe.
 20829 | Bazaar   | Found Zuclenup's General Store.
 20837 | Bazaar   | Found Uhotak's Book Boutique.
 20854 | Bazaar   | Bought a potion of might for 72 gold pieces
 20892 | Bazaar   | Bought a scroll of revelation for 45 gold pieces
 20892 | Bazaar   | Bought a scroll of teleportation for 18 gold pieces
 20892 | Bazaar   | Bought a scroll of revelation for 45 gold pieces
 20892 | Bazaar   | Bought a scroll of fear for 24 gold pieces
 20897 | Bazaar   | Bought the ring of Xoylem {rPois rN+ Dex+3} for 337 gold
                  | pieces
 21247 | Shoals:2 | Noticed a kraken
 22198 | Shoals:3 | Received a gift from Trog
 22765 | Spider:1 | Entered Level 1 of the Spider Nest
 23186 | Spider:1 | Found a transporter.
 23194 | Spider:1 | Noticed AlmostFaded's ghost (journeyman TrDe)
 23207 | Spider:1 | Found a transporter.
 23213 | Spider:1 | Noticed an emperor scorpion
 23238 | Spider:1 | Noticed Arachne
 24451 | Spider:2 | Reached skill level 15 in Armour
 24805 | Spider:2 | Found a runed translucent gate.
 24805 | Spider:2 | Found a runed translucent gate.
 24805 | Spider:2 | Found a runed translucent gate.
 24806 | Spider:2 | Noticed Ceiptogg's ghost (adept HOMo)
 25135 | Spider:2 | Reached XP level 16. HP: 148/151 MP: 15/15
 25502 | Spider:2 | Identified the +3 dagger of Vyudghia {freeze, Int+2 Stlth+}
 25882 | Spider:2 | Received a gift from Trog
 26264 | Spider:2 | Killed Ceiptogg's ghost
 26265 | Spider:2 | Reached skill level 15 in Shields
 26275 | Spider:2 | HP: 4/226 [ghost moth simulacrum (25)]
 26281 | Spider:2 | Slain by a spectral spark wasp

Illustrated notes

Levels and vault maps discovered:
D:1:      ebering_trefoil_twist, layout_basic, serial_glass, glass_columns_a,
          glass_columns_c, glass_columns_c, glass_columns_c, glass_columns_c,
          glass_columns_a, amcnicky_mini_corridor_feature
D:2:      layout_loops_ring, hex_large
D:3:      layout_basic, lemuel_tele_altar, serial_shops, nicolae_lakefront_shop,
          serial_undead, serial_undead_c, serial_undead_b, serial_undead_a,
          serial_undead_f, lexackson_kobold_supper, uniq_sigmund
D:4:      layout_cave_pools, cheibriados_altar_1,
          minmay_temple_entry_statues_pillars
D:5:      layout_basic, mainiacjoe_overflow_chevrons,
          nicolae_overflow_hidden_temple, nicolae_overflow_squiral,
          uniq_blork_the_orc, uniq_prince_ribbit1, uniq_eustachio, uniq_edmund
D:6:      gammafunk_steamed_eel, layout_loops_ring,
          regret_index_xom_buried_treasure, mainiacjoe_overflow_small_starburst,
          uniq_crazy_yiuf_cottage
D:7:      layout_layer_cave, nicolae_qazlal_general_emergency, serial_shops,
          shop, uniq_joseph, uniq_maggie
D:8:      layout_loops_ring, gammafunk_temple_overflow_elements
D:9:      layout_loops_corners, minmay_statue_crystal_thing, uniq_amaemon
D:10:     minmay_spotlight, layout_irregular_city, nemelex_diamond_rough_becter,
          hiddenorc2_lemuel, minivault_25
D:11:     layout_cave_pools, david_lair_generic
Temple:   kb_corrupted_temple
Lair:1:   layout_gridlike, lemuel_fruit_tree, infiniplex_staircase_pool_2,
          uniq_urug
Lair:2:   layout_chaotic_city, minmay_shoals_entry_hut, gauntlet_entry_generic,
          nicolae_volcano_entry_vermiform, serial_bayou_lake_a
Lair:3:   lemuel_ratsnest, layout_regular_city,
          hellmonk_spider_entry_life_and_decay
Lair:4:   layout_regular_city, minmay_slime_entry_jelly_boxes,
          portal_ice_cave_entry_pillars_2, uniq_rupert
Lair:5:   minmay_lair_end_enchanted_forest, layout_regular_city,
          grunt_megastairs_2, serial_bayou_shore_b
Shoals:1: layout_shoals, serial_shops, nicolae_shop_competitors_out_of_business,
          minmay_shop_mayhem, uniq_frances
Shoals:2: layout_shoals, overgrown_hall
Shoals:3: layout_shoals, serial_shops, bzr_entry_customers, abandoned_shop
Spider:1: layout_spider_delve, nzn_ghost_randoct,
          nicolae_spider_nooks_and_crannies
Spider:2: layout_chambers, gammafunk_ghost_necromancy

Skill      XL: |  1  2  3  4  5  6  7  8  9 10 11 12 13 14 15 16 |
---------------+-------------------------------------------------+-----
Fighting       | 4 5 6 8 10 14 16 | 16.0
Armour         | 3 6 10 14 15 16 | 16.0
Maces & Flails | 4 9 10 12 | 12.0
Polearms       | 6 12 14 | 14.0
Dodging        | 5 9 14 | 14.0
Shields        | 4 12 14 15 | 15.2

Action                     |  1- 3 |  4- 6 |  7- 9 | 10-12 | 13-15 | 16-18 || total
---------------------------+-------+-------+-------+-------+-------+-------++-------
  Melee: Spear             |    91 |   185 |    83 |       |       |       ||   359
         Headbutt          |     6 |    34 |    45 |    95 |   281 |    27 ||   488
         Punch             |       |     2 |     4 |       |       |       ||     6
         Mace              |       |       |   165 |       |       |       ||   165
         Dire flail        |       |       |    40 |       |       |       ||    40
         Glaive            |       |       |       |   300 |    13 |       ||   313
         Halberd           |       |       |       |   334 |   540 |       ||   874
         Demon whip        |       |       |       |       |   634 |    99 ||   733
  Throw: Throwing net      |       |       |       |       |     1 |       ||     1
 Invoke: Berserk           |       |     1 |     7 |    15 |    12 |     1 ||    36
         Trog's Hand       |       |       |     4 |     4 |     4 |     1 ||    13
         Brothers in Arms  |       |       |       |       |     6 |     1 ||     7
    Use: Scroll            |       |     5 |     2 |    10 |    10 |     1 ||    28
         Potion            |       |       |     4 |     1 |     3 |       ||     8
   Stab: Sleeping          |     1 |       |       |       |       |       ||     1
         Distracted        |       |       |       |       |     2 |       ||     2
 Armour: Animal skin       |    11 |       |       |       |       |       ||    11
         Plate armour      |    13 |    82 |   218 |   381 |       |       ||   694
         Ring mail         |     6 |       |       |       |       |       ||     6
         Skin              |       |       |       |    85 |       |       ||    85
         Storm dragon scal |       |       |       |    43 |   652 |    47 ||   742
  Dodge: Dodged            |    23 |    37 |    90 |   167 |   388 |    22 ||   727
  Block: Other             |       |    27 |    53 |    80 |       |       ||   160
         Reflection        |       |     3 |     2 |     6 |       |       ||    11
         Kite shield       |       |       |       |       |   397 |    55 ||   452
